 Dungeon Crawl Stone Soup version 0.29.1-2-gbd0b4ee654 (webtiles) character file.

Game seed: 6175046922423244968

370 boopmooplesden the Slasher (level 6, -3/84 HPs)
             Began as a Minotaur Berserker on Nov 16, 2022.
             Was a Believer of Trog.
             Slain by Pikel
             ... wielding a +2 whip of flaming
              (9 damage)
             ... on level 4 of the Dungeon.
             The game lasted 00:04:11 (3633 turns).

boopmooplesden the Slasher (Minotaur Berserker)     Turns: 3633, Time: 00:04:11

Health: -3/84      AC:  3    Str: 28    XL:     6   Next: 42%
Magic:  5/5        EV: 11    Int:  4    God:    Trog [**....]
Gold:   82         SH:  6    Dex: 11    Spells: 5/5 levels left

rFire   . . .      SeeInvis .   a - +0 falchion
rCold   . . .      Faith    .   r - +0 kite shield
rNeg    . . .      Spirit   .   b - +0 animal skin
rPois   .          Reflect  .   (helmet restricted)
rElec   .          Harm     .   y - +0 cloak {Will+}
rCorr   .          Rampage  .   (no gloves)
Will    .....                   (no boots)
Stlth   ..........              (no amulet)
HPRegen 0.24/turn               g - +6 ring of strength
MPRegen 0.09/turn               (no ring)

@: berserking, weak-willed, very quick
A: horns 2, retaliatory headbutt
a: Renounce Religion, Berserk, Trog's Hand


You were on level 4 of the Dungeon.
You worshipped Trog.
Trog was pleased with you.
You visited 1 branch of the dungeon, and saw 4 of its levels.

You collected 82 gold pieces.

Inventory:

Hand Weapons
 a - a +0 falchion (weapon)
Armour
 b - a +0 animal skin (worn)
 n - a scarf of resistance
 r - a +0 kite shield (worn)
 y - a +0 cloak of willpower (worn)
Jewellery
 g - a +6 ring of strength (left hand)
 u - a +4 ring of protection
Scrolls
 k - a scroll of vulnerability
 o - a scroll of fear
 v - a scroll of teleportation
 x - a scroll of enchant armour {unknown}
Potions
 e - a potion of flight {unknown}
 f - 3 potions of heal wounds
 h - 2 potions of mutation
 i - a potion of haste {unknown}
 m - a potion of degeneration {unknown}
 p - 2 potions of ambrosia
 q - a potion of might
 t - a potion of attraction {unknown}
 w - a potion of berserk rage {unknown}


   Skills:
 + Level 5.0 Fighting
 + Level 6.1 Long Blades
 + Level 2.7 Armour
 + Level 4.4 Dodging
 + Level 1.3 Stealth
 + Level 0.6 Shields


You had 5 spell levels left.
You didn't know any spells.
Your spell library was empty.

Dungeon Overview and Level Annotations

Branches:
Dungeon (4/15)
 Temple: D:4-7

Altars:
Vehumet

Annotations:
D:4 Pikel


Innate Abilities, Weirdness & Mutations

You have a pair of horns on your head.
You reflexively headbutt those who attack you in melee.


Message History

Pikel zaps a wand.
You easily resist.
The lemure closely misses you. You furiously retaliate!
You headbutt the lemure, but do no damage.
The lemure hits you but does no damage. You block the lemure's attack.
A red film seems to cover your vision as you go berserk!
You feel yourself moving faster!
You feel mighty! The lemure hits you! Pikel barely misses you.
You furiously retaliate!
You headbutt Pikel! The lemure hits you. The lemure completely misses you.
You barely miss Pikel. You headbutt Pikel!
Pikel is severely wounded.
Pikel misses you. The lemure hits you. You block the lemure's attack.
The lemure closely misses you. You furiously retaliate!
You headbutt the lemure! You closely miss Pikel.
Pikel is severely wounded.
The lemure closely misses you. The lemure barely misses you. x2
Pikel zaps a wand.
You suddenly lose the ability to move!
The lemure hits you but does no damage. The lemure hits you!
Pikel hits you with a +2 whip of flaming.
Pikel burns you. The lemure hits you. The lemure hits you but does no damage.
The lemure hits you. x2
Pikel hits you with a +2 whip of flaming!
Pikel burns you.
Pikel hits you with a +2 whip of flaming!
* * * LOW HITPOINT WARNING * * *
Pikel burns you.
* * * LOW HITPOINT WARNING * * *
The lemure hits you.
* * * LOW HITPOINT WARNING * * *
The lemure hits you.
* * * LOW HITPOINT WARNING * * *
The lemure hits you.
* * * LOW HITPOINT WARNING * * *
You can move again.
You barely miss Pikel. You headbutt Pikel, but do no damage.
Pikel is severely wounded.
You slash Pikel!
Pikel is almost dead.
Pikel hits you with a +2 whip of flaming!
You die...

##########
#.........
#.........
#.........
#.........
#555......
#.@K5.....
######.###
+#


You could see Pikel and 4 lemures.

Vanquished Creatures
  Grinder (D:3)
  Crazy Yiuf (D:3)
  An iguana (D:4)
  A gnoll (D:4)
  4 adders
  A worm (D:4)
  2 dart slugs (D:1)
  11 ball pythons
  7 endoplasms
  3 giant cockroaches
  4 goblins
  4 hobgoblins
  4 jackals (D:2)
  6 quokkas
  5 bats
  5 frilled lizards
  8 kobolds
  3 rats
71 creatures vanquished.

Notes
Turn   | Place    | Note
-------+----------+-------------------------------------------
     0 | D:1      | boopmooplesden the Minotaur Berserker began the quest for
                  | the Orb.
     0 | D:1      | Reached XP level 1. HP: 19/19 MP: 0/0
   617 | D:1      | Reached XP level 2. HP: 22/27 MP: 1/1
   870 | D:1      | Reached skill level 4 in Long Blades
  1381 | D:2      | Reached XP level 3. HP: 33/33 MP: 2/2
  1428 | D:2      | Reached ** piety under Trog
  1676 | D:2      | Reached XP level 4. HP: 32/40 MP: 3/3
  1692 | D:2      | You fall into a shaft and drop 2 floors!
  2152 | D:4      | Noticed a scorpion
  2305 | D:3      | Noticed Grinder
  2314 | D:3      | Killed Grinder
  2315 | D:3      | Reached skill level 5 in Long Blades
  2315 | D:3      | Reached skill level 1 in Stealth
  2315 | D:3      | Reached XP level 5. HP: 19/47 MP: 4/4
  2315 | D:3      | Reached XP level 6. HP: 22/55 MP: 5/5
  2722 | D:3      | Found a radiant altar of Vehumet.
  3138 | D:3      | Found a faded altar of an unknown god.
  3301 | D:3      | Found a runed translucent door.
  3302 | D:3      | Noticed Crazy Yiuf
  3307 | D:3      | Killed Crazy Yiuf
  3308 | D:3      | Reached skill level 5 in Fighting
  3308 | D:3      | Reached skill level 6 in Long Blades
  3620 | D:4      | Noticed Pikel
  3628 | D:4      | Paralysed by Pikel for 3 turns
  3633 | D:4      | Slain by Pikel

Illustrated notes

Levels and vault maps discovered:
D:1:      matt_arrival_los_fun, layout_basic, minivault_4, minmay_3d_cube
D:2:      layout_rooms, minmay_tetromino_t4
D:3:      layout_loops_cross, mainiacjoe_overflow_boulevard,
          hellmonk_ecumenical_altar_arch_garden, minmay_strange_pillars,
          minmay_bisected, uniq_grinder, uniq_crazy_yiuf_cottage
D:4:      layout_basic, kennysheep_mini_moat, reono_crystal_passage,
          st_stairs_11, minmay_misc_feat_room, roderic_lattice_a, uniq_pikel

Skill      XL: |  1  2  3  4  5  6 |
---------------+-------------------+-----
Long Blades    | 4 5 6 |  6.1
Fighting       | 4 5 |  5.0
Dodging        | 3 4 |  4.4
Stealth        | 1 |  1.3
Armour         | |  2.7
Shields        | |  0.6

Action                   |  1- 3 |  4- 6 || total
-------------------------+-------+-------++-------
Melee: Falchion          |    86 |    69 ||   155
       Headbutt          |    14 |    11 ||    25
       Punch             |     1 |       ||     1
Invok: Berserk           |     1 |     4 ||     5
  Use: Scroll            |       |    11 ||    11
Armor: Animal skin       |    27 |    16 ||    43
Dodge: Dodged            |    70 |    52 ||   122
Block: Kite shield       |       |    22 ||    22
